 Dungeon Crawl Stone Soup version 0.31-a0-219-g8d62b2e7bb (webtiles) character file.

Game seed: 4241806182678201821

134 Zonian the Magician (level 4, -1/24 HPs)
             Began as a Deep Elf Air Elementalist on July 4, 2023.
             Was an Initiate of Dithmenos.
             Slain by Edmund
             ... wielding a +2 dire flail of protection
              (12 damage)
             ... on level 4 of the Dungeon.
             The game lasted 00:05:17 (3626 turns).

Zonian the Magician (Deep Elf Air Elementalist)     Turns: 3626, Time: 00:05:18

Health: -1/24      AC:  4    Str: 11    XL:     4   Next: 95%
Magic:  25/30      EV: 13    Int: 25    God:    Dithmenos [......]
Gold:   114        SH:  0    Dex: 15    Spells: 5/11 levels left

rFire   + . .        m - +9 hand axe "Qoimo" {elec, MP+9 Int+3}
rCold   + . .        (no shield)
rNeg    . . .        a - +0 robe
rPois   +            (no helmet)
rElec   +            z - +0 cloak
rCorr   +            (no gloves)
SInv    .            j - +0 pair of boots
Will    .....        (no amulet)
Stlth   ++           u - +6 ring of strength
HPRegen 0.24/turn    y - ring of magical power
MPRegen 0.22/turn

%: no passive effects
@: resistant
A: no striking features
a: Renounce Religion


You were on level 4 of the Dungeon.
You worshipped Dithmenos.
Dithmenos was noncommittal.
You visited 1 branch of the dungeon, and saw 4 of its levels.

You collected 114 gold pieces.

Inventory:

Hand Weapons
 m - the +9 hand axe "Qoimo" (weapon) {elec, MP+9 Int+3}
   (You found it on level 2 of the Dungeon)

   Int:       It affects your intelligence (+3).
   MP:        It affects your magic capacity (+9).
 p - a +0 short sword
 v - a +2 war axe of freezing
Missiles
 n - 7 poisoned darts
Armour
 a - a +0 robe (worn)
 j - a +0 pair of boots (worn)
 z - a +0 cloak (worn)
Jewellery
 t - an amulet of faith
 u - a +6 ring of strength (left hand)
 y - a ring of magical power (right hand)
 B - an amulet of regeneration
Wands
 o - a wand of digging (5)
Scrolls
 e - 2 scrolls of teleportation {unknown}
 f - a scroll of amnesia {unknown}
 g - a scroll of blinking {unknown}
 i - a scroll of acquirement {unknown}
 k - a scroll of poison {unknown}
 l - 2 scrolls of silence {unknown}
 q - 2 scrolls of vulnerability {unknown}
 r - 3 scrolls of fog {unknown}
 s - a scroll of immolation {unknown}
 w - 4 scrolls of identify {unknown}
 x - a scroll of enchant armour {unknown}
Potions
 b - a potion of magic
 d - a potion of heal wounds {unknown}
 h - a potion of lignification {unknown}
 A - a potion of curing {unknown}


   Skills:
 - Level 3.4 Dodging
 - Level 3.7 Stealth
 + Level 4.1 Spellcasting
 + Level 2.4 Conjurations
 + Level 3.6 Air Magic
 + Level 0.0 Invocations


You had 5 spell levels left.
You knew the following spells:

 Your Spells              Type           Power      Damage    Failure   Level
a - Shock                 Conj/Air       80%        1d8       2%          1
b - Static Discharge      Conj/Air       40%        2-4/arc   3%          2
c - Swiftness             Air            23%        N/A       6%          3

Your spell library contained the following spells:

 Spells                   Type           Power      Damage    Failure   Level
 Airstrike                Air            11%        2d(2-18)  21%         4


Dungeon Overview and Level Annotations

Branches:
Dungeon (4/15)
 Temple: D:4-7

Altars:
Dithmenos
Qazlal

Annotations:
D:4 Blork the orc, Edmund


Message History

Found a robe.
Found a stone staircase leading down.
Unknown command.
Unknown command.
l - 2 scrolls labelled GEC YNNYICAZ (gained 1) Blork the orc comes into view.
He is wielding a +0 scimitar.
Blork the orc is nearby!
Unknown command.
Edmund the Younger comes into view.
He is wielding a +2 dire flail of protection.
Found a leather armour and 3 poisoned darts.
Edmund shouts!
You hear a shout!
The zap hits Edmund but does no damage.
The zap hits Edmund.
Edmund is lightly wounded.
Unknown command.
It was a potion of resistance.
You feel protected.
Casting: Shock (safe; 2% risk of failure)
Confirm with . or Enter, or press ? or * to list all spells.
Edmund is struck by an arc of lightning.
Edmund is lightly wounded.
You resist.
You are struck by an arc of lightning.
Edmund hits you with a +2 dire flail of protection.
Unknown command.
Casting: Static Discharge (safe; 3% risk of failure)
Confirm with . or Enter, or press ? or * to list all spells.
Edmund is struck by an arc of lightning.
Edmund is lightly wounded.
You resist.
You are struck by an arc of lightning.
Edmund is struck by an arc of lightning.
Edmund is moderately wounded.
The lightning grounds out.
Edmund barely misses you.
You hit Edmund but do no damage.
Edmund is moderately wounded.
Edmund says, "People think my brother is the best.
I think he's crazy."
Edmund barely misses you.
You hit Edmund but do no damage.
Edmund is moderately wounded.
Edmund hits you with a +2 dire flail of protection! x2
Ouch! That really hurt!
You die...

#.#.....##..............#........
#.###............#.....######.###
..# ......##..########## #.# #...
##.#.# .. #.# .... .. # . #.#
.... #.#. #.# .... #...### #.#
... ..##....##### #.# ..(
.......@....# ######.### ...
..#...@.....###[.......# ..#
................>......# ..#
#......................# ...
..............#........# #.
#...........###.####.... #
...###.#.##.# #.# #.... # ##.
...#.##.###.# #.... .[..
...#.....####....


You could see Edmund.

Vanquished Creatures
  An orc priest (D:3)
  4 gnolls (D:2)
  3 adders
  2 dart slugs
  An orc (D:3)
  2 ball pythons
  3 bats
  4 endoplasms
  4 goblins
  2 hobgoblins
  3 jackals (D:3)
  A quokka (D:1)
  2 frilled lizards (D:1)
  4 kobolds
36 creatures vanquished.

Notes
Turn   | Place    | Note
-------+----------+-------------------------------------------
     0 | D:1      | Zonian the Deep Elf Air Elementalist began the quest for
                  | the Orb.
     0 | D:1      | Reached XP level 1. HP: 10/10 MP: 6/6
   426 | D:1      | Reached XP level 2. HP: 15/15 MP: 6/8
   927 | D:2      | Identified the +9 hand axe "Qoimo" {elec, MP+9 Int+3}
  1381 | D:2      | Reached XP level 3. HP: 19/19 MP: 9/9
  1384 | D:2      | Learned a level 2 spell: Static Discharge
  1388 | D:2      | Learned a level 3 spell: Swiftness
  1515 | D:2      | Reached XP level 4. HP: 22/24 MP: 11/11
  1810 | D:2      | Found a shadowy altar of Dithmenos.
  1823 | D:2      | Became a worshipper of Dithmenos the Shadowed
  2025 | D:3      | Found a stormy altar of Qazlal.
  2674 | D:3      | Reached skill level 4 in Spellcasting
  3557 | D:4      | Noticed Blork the orc
  3611 | D:4      | Noticed Edmund
  3626 | D:4      | Slain by Edmund

Illustrated notes

Levels and vault maps discovered:
D:1:      minmay_arrival_up_and_down, layout_loops_ring
D:2:      layout_loops_ring, basic_altar
D:3:      layout_basic, mainiacjoe_overflow_24_doors
D:4:      layout_rooms, mainiacjoe_overflow_alcove_2, minmay_statues_item,
          uniq_edmund, uniq_blork_the_orc

Skill      XL: |  1  2  3  4 |
---------------+-------------+-----
Stealth        | 3 |  3.7
Dodging        | 3 |  3.4
Conjurations   | 2 |  2.4
Spellcasting   | 4 |  4.1
Air Magic      | |  3.6

Action                     |  1- 3 |  4- 6 || total
---------------------------+-------+-------++-------
  Melee: Unarmed           |     1 |       ||     1
         Hand axe          |     2 |     2 ||     4
   Cast: Shock             |    44 |    36 ||    80
         Static Discharge  |       |     2 ||     2
    Use: Potion            |       |     1 ||     1
 Armour: Robe              |     1 |       ||     1
  Dodge: Dodged            |     8 |     2 ||    10

Table legend: (Time is in decaauts)
 A = Elapsed time spent in this place.
 B = Non-inter-level travel time spent in this place.
 C = Inter-level travel time spent in this place.
 D = Time resting spent in this place.
 E = Time spent auto-exploring this place.
 F = Levels seen in this place.
 G = Mean time per level.
                   A        B        C        D        E       F      G
               +--------+--------+--------+--------+--------+-----+--------+
         Total |   3625 |   3530 |     95 |    834 |   2247 |   4 |  906.2 |
       Dungeon |   3625 |   3530 |     95 |    834 |   2247 |   4 |  906.2 |
               +--------+--------+--------+--------+--------+-----+--------+

Top non-repeatable levels by time:
     D:2: 1303 daAuts
     D:3: 1016 daAuts
     D:1: 965 daAuts
     D:4: 339 daAuts
